 Dungeon Crawl Stone Soup version 0.18-a0-1354-gbc5753f (webtiles) character file.

0 ololoev the Ducker (level 1, -11/11 HPs)
             Began as a Spriggan Abyssal Knight on Feb 19, 2016.
             Was a Follower of Lugonu.
             Mangled by a large abomination (22 damage)
             ... on level 1 of the Abyss.
             The game lasted 00:00:46 (134 turns).

ololoev the Ducker (Spriggan Abyssal Knight)         Turns: 134, Time: 00:00:46

Health: -11/11     AC:  2    Str:  8    XL:     1   Next: 0%
Magic:  3/3        EV: 18    Int: 13    God:    Lugonu [*.....]
Gold:   0          SH:  0    Dex: 15    Spells: 0 memorised, 0 levels left

rFire  . . .     SeeInvis +     a - +1 mace
rCold  . . .     Gourm    .     b - +0 robe
rNeg   . . .     Faith    .     (shield restricted)
rPois  .         Spirit   .     (helmet restricted)
rElec  .         Dismiss  .     (no cloak)
rCorr  .         Reflect  .     (gloves unavailable)
SustAt .         Harm     .     (boots unavailable)
MR     .....                    (no amulet)
Stlth  +.........               (no ring)
                                (no ring)

@: very quick, not resistant to hostile enchantments, very unstealthy
A: unfitting armour, see invisible, herbivore 3, speed 3, slow metabolism 2
a: Depart the Abyss, Renounce Religion


Innate Abilities, Weirdness & Mutations

You are tiny and cannot use many weapons and most armour.
You have supernaturally acute eyesight.
You are an herbivore.
You cover ground extremely quickly.
You need consume almost no food.

Inventory:

Hand Weapons
 a - a +1 mace (weapon)
Armour
 b - a +0 robe (worn)
Scrolls
 d - a scroll of magic mapping {unknown}
 e - a scroll of fog {unknown}
Potions
 f - a potion of lignification {unknown}
Comestibles
 c - 2 bread rations


   Skills:
 + Level 2.4 Fighting
 + Level 1.3 Maces & Flails
 + Level 3.5 Dodging
 + Level 1.7 Invocations


You couldn't memorise any spells.
You didn't know any spells.


You were on level 1 of the Abyss.
You worshipped Lugonu.
Lugonu was aware of your devotion.
You were not hungry.

You visited 0 branches of the dungeon, and saw 0 of its levels.
You visited the Abyss 1 time.

.. .. ##..
. #... .
... ##. ..#
###.##..
#..X..#
##..@.#
#...#.###
###.#.w#
#.#.│#
#####.│.#
##.....│.#
#.###..X..#
##
##_##..#..#
#.##.#.###
.##

Notes
Turn   | Place    | Note
--------------------------------------------------------------
     0 | Abyss:1  | ololoev the Spriggan Abyssal Knight began the quest for the Orb.
     0 | Abyss:1  | Reached XP level 1. HP: 11/11 MP: 3/3
    61 | Abyss:1  | Noticed a giant orange brain
    88 | Abyss:1  | Noticed an earth elemental
   108 | Abyss:1  | Noticed an orange demon
   120 | Abyss:1  | Found a roughly hewn altar of Beogh.
   127 | Abyss:1  | Noticed a tentacled starspawn
   131 | Abyss:1  | Noticed a large abomination
   134 | Abyss:1  | Mangled by a large abomination

Dungeon Overview and Level Annotations

Branches:
Dungeon (0/15)

Altars:


Message History

Welcome, ololoev the Spriggan Abyssal Knight.
Will you be the one to retrieve the fabulous Orb of Zot from the depths?
Lugonu says: Depart the Abyss and spread corruption, my servant! (use the ability menu to exit the Abyss) Press ? for a list of commands and other information.
Found a corrupted altar of Lugonu.
Found a gateway leading out of the Abyss.
Found a bread ration and a scroll labeled YRU CEB OTILEO.
Found a scroll labeled DUWAFU DOLI.
c - 2 bread rations (gained 1)
d - a scroll labeled YRU CEB OTILEO
e - a scroll labeled DUWAFU DOLI You enter the shallow water.
Moving in this stuff is going to be slow.
A giant orange brain comes into view.
The giant orange brain turns its gaze towards you.
The giant orange brain moves out of view.
Found a smoky ruby potion.
f - a smoky ruby potion An earth elemental comes into view.
An orange demon comes into view.
Found a roughly hewn altar of Beogh.
There is a roughly hewn altar of Beogh here.
A tentacled starspawn comes into view.
A tentacle flies out from the starspawn's body!
A starspawn tentacle comes into view.
A starspawn tentacle comes into view.
A large abomination comes into view.
The starspawn tentacle completely misses you.
The large abomination hits you!!
Ouch! That really hurt!
You die...

You could see a tentacled starspawn and a large abomination.

Vanquished Creatures (others)
  A starspawn tentacle (Abyss:1)
  24 starspawn tentacle segments (Abyss:1)
25 creatures vanquished.

Vault maps used:
